 Dungeon Crawl Stone Soup version 0.24.0-13-gcf9b3192b9 (webtiles) character file.

Game seed: 16487765731936936501, levelgen mode: deterministic

6233 Froggeryz the Grappler (level 10, -3/88 HPs)
             Began as a Minotaur Monk on Nov 9, 2019.
             Was a High Priest of Cheibriados.
             Slain by a porcupine (11 damage)
             ... on level 1 of the Lair of Beasts.
             The game lasted 00:09:59 (7340 turns).

Froggeryz the Grappler (Minotaur Monk)              Turns: 7340, Time: 00:10:00

Health: -3/88      AC:  7    Str: 27    XL:     10   Next: 62%
Magic:  12/12      EV: 15    Int: 19    God:    Cheibriados [*****.]
Gold:   621        SH:  7    Dex: 26    Spells: 9/9 levels left

rFire    . . .     SeeInvis .     - Unarmed
rCold    + . .     Gourm    .   r - +0 buckler
rNeg     . . .     Faith    .   n - +1 robe {rC+}
rPois    .         Spirit   .   (helmet restricted)
rElec    .         Reflect  .   z - +0 cloak
rCorr    .         Harm     .   a - +2 pair of gloves
MR       .....                  (no boots)
Stlth    +++.......             (no amulet)
HPRegen  0.24/turn              (no ring)
MPRegen  0.13/turn              (no ring)

@: lethally poisoned (-3 -> -9), very slow
A: retaliatory headbutt, horns 2
a: Bend Time, Temporal Distortion, Slouch, Step From Time, Renounce Religion


You were on level 1 of the Lair of Beasts.
You worshipped Cheibriados.
Cheibriados was extremely pleased with you.
You were hungry.

You visited 2 branches of the dungeon, and saw 10 of its levels.

You collected 621 gold pieces.

Inventory:

Missiles
 e - 26 poisoned darts (quivered)
 o - 8 javelins
 t - 3 atropa-tipped darts
 D - 7 curare-tipped darts
Armour
 a - a +2 pair of gloves (worn)
 n - a +1 robe of cold resistance (worn)
 r - a +0 buckler (worn)
 z - a +0 cloak (worn)
 H - a +2 leather armour of poison resistance
Wands
 l - a wand of iceblast (15)
 y - a wand of clouds (2)
 F - a wand of flame (23)
 I - a wand of acid (9)
Scrolls
 d - 2 scrolls of fog {unknown}
 h - 5 scrolls of remove curse {unknown}
 i - 11 scrolls of identify {unknown}
 j - 6 scrolls of enchant armour {unknown}
 m - 4 scrolls of enchant weapon {unknown}
 s - a scroll of random uselessness {unknown}
 u - 2 scrolls of teleportation {unknown}
 x - a scroll of amnesia {unknown}
 B - 2 scrolls of blinking {unknown}
 J - a scroll of fear {unknown}
Potions
 c - a potion of might {unknown}
 f - 3 potions of heal wounds {unknown}
 g - 2 potions of agility
 k - 7 potions of degeneration {unknown}
 p - a potion of lignification {unknown}
 q - 3 potions of curing {unknown}
 v - 2 potions of invisibility {unknown}
 w - a potion of haste {unknown}
 A - a potion of magic {unknown}
 C - a potion of flight {unknown}
 E - 2 potions of ambrosia {unknown}
 G - a potion of cancellation {unknown}
Comestibles
 b - 23 rations


   Skills:
 - Level 8.1 Fighting
 - Level 3.2 Dodging
 - Level 1.5 Stealth
 - Level 5.0 Shields
 + Level 14.2 Unarmed Combat
 + Level 5.0 Invocations


You had 9 spell levels left.
You didn't know any spells.
Your spell library was empty.

Dungeon Overview and Level Annotations

Branches:
Dungeon (9/15)             Temple (0/1) D:5            Lair (1/6) D:9
    Orc (0/2) D:9

Altars:
Cheibriados
Dithmenos
Gozag
Makhleb
Nemelex Xobeh
Okawaru
Xom
Zin
The Shining One

Annotations:
D:9 3 runed translucent doors


Innate Abilities, Weirdness & Mutations

You reflexively headbutt those who attack you in melee.
You have a pair of horns on your head.


Message History

Cheibriados appreciates the change of pace.
You can now step out of the flow of time.
Cheibriados raises the support of your attributes as your movement slows.
You feel sick. The porcupine closely misses you. The water moccasin misses you.
You are too injured to fight recklessly!
You are struck by the porcupine's spines.
You punch the porcupine!
The porcupine is almost dead.
You feel sick. The porcupine misses you.
The water moccasin bites you but does no damage.
The porcupine bites you!
* * * LOW HITPOINT WARNING * * *
You are struck by the porcupine's spines.
* * * LOW HITPOINT WARNING * * *
You punch the porcupine!
You kill the porcupine!
Cheibriados appreciates the change of pace.
Your Invocations skill increases to level 5!
The water moccasin closely misses you. The porcupine bites you!
You die...

#.# ..#.# ##.###....
+### ##...#.≈≈≈≈ ...#
#...#..≈≈≈≈ # #..
##..#..≈≈≈≈≈ #.###P+####
#.+##..≈≈≈..
.>........###.....≈≈≈≈.<
.(....S...+.'......≈≈≈≈.
......†@...##......≈≈≈≈≈
......r...###.^..>..≈≈≈≈
..........# #......≈≈≈≈≈
###.#+##### #####+##.≈≈≈
#. ##### #


You could see a water moccasin and a porcupine.

Vanquished Creatures
  2 two-headed ogres (D:8)
  Pikel (D:7)
  A spiny frog (Lair:1)
  3 hippogriffs
  Sigmund (D:3)
  A wyvern (D:8)
  Menkaure (D:5)
  A porcupine (Lair:1)
  A water moccasin (D:9)
  Purgy (D:2)
  2 ice beasts
  4 slaves (D:7)
  A sky beast (D:9)
  A black bear (D:8)
  3 phantoms
  An ogre (D:2)
  3 centaurs
  5 bullfrogs
  A big kobold (D:8)
  A wyvern skeleton (D:7)
  A scorpion (D:5)
  3 killer bees (D:9)
  3 wights (D:6)
  4 howler monkeys
  6 crimson imps
  A centaur zombie (D:8)
  A hound (D:6)
  A jelly (D:8)
  2 orc priests
  Ijyb (D:3)
  Jessica (D:2)
  3 iguanas
  Natasha (twice) (D:3)
  3 orc wizards
  Terence (D:3)
  6 worker ants
  A killer bee zombie (D:5)
  A hound skeleton (D:4)
  A worker ant zombie (D:9)
  7 gnolls
  13 adders
  2 shadow imps
  4 oozes
  An adder skeleton (D:6)
  An adder zombie (D:9)
  3 worms
  3 dart slugs
  3 leopard geckos
  15 orcs
  4 bats
  4 giant cockroaches
  8 goblins
  13 hobgoblins
  11 jackals
  5 quokkas
  A ball python (D:1)
  6 frilled lizards
  14 kobolds
  6 rats
  A plant (D:7)
202 creatures vanquished.

Notes
Turn   | Place    | Note
-------+----------+-------------------------------------------
     0 | D:1      | Froggeryz the Minotaur Monk began the quest for the Orb.
     0 | D:1      | Reached XP level 1. HP: 19/19 MP: 0/0
   130 | D:1      | Reached XP level 2. HP: 21/26 MP: 1/1
   138 | D:1      | Reached skill level 4 in Unarmed Combat
   402 | D:1      | Reached XP level 3. HP: 31/31 MP: 2/2
   837 | D:2      | Reached skill level 5 in Unarmed Combat
  1046 | D:2      | Reached XP level 4. HP: 36/39 MP: 3/3
  1077 | D:2      | Noticed an ogre
  1117 | D:2      | Killed an ogre
  1117 | D:2      | Reached skill level 6 in Unarmed Combat
  1117 | D:2      | Reached XP level 5. HP: 15/45 MP: 4/4
  1659 | D:2      | Found a burning altar of Makhleb.
  1664 | D:2      | Reached skill level 7 in Unarmed Combat
  1715 | D:2      | Noticed Jessica
  1719 | D:2      | Killed Jessica
  2005 | D:3      | Noticed Ijyb
  2027 | D:3      | Killed Ijyb
  2027 | D:3      | Reached XP level 6. HP: 11/51 MP: 5/5
  2559 | D:3      | Noticed Terence
  2566 | D:3      | Killed Terence
  2665 | D:3      | Noticed Purgy
  2667 | D:3      | Noticed Sigmund
  2702 | D:2      | Killed Purgy
  2702 | D:2      | Reached skill level 8 in Unarmed Combat
  2953 | D:3      | Killed Sigmund
  2953 | D:3      | Reached skill level 9 in Unarmed Combat
  2953 | D:3      | Reached XP level 7. HP: 22/57 MP: 6/6
  3208 | D:3      | Noticed Natasha
  3211 | D:3      | Found a glowing golden altar of the Shining One.
  3217 | D:3      | Killed Natasha
  3449 | D:3      | Noticed Natasha
  3456 | D:3      | Killed Natasha
  3672 | D:4      | Found a sparkling altar of Nemelex Xobeh.
  3675 | D:4      | Found a glowing golden altar of the Shining One.
  3678 | D:4      | Found a shadowy altar of Dithmenos.
  3710 | D:4      | Reached skill level 1 in Shields
  3741 | D:4      | You fall into a shaft and drop 2 floors!
  3778 | D:5      | Entered Level 5 of the Dungeon
  3973 | D:4      | Found an opulent altar of Gozag.
  3973 | D:4      | Found a snail-covered altar of Cheibriados.
  4064 | D:4      | Became a worshipper of Cheibriados the Contemplative
  4064 | D:4      | Reached * piety under Cheibriados
  4064 | D:4      | Reached ** piety under Cheibriados
  4072 | D:5      | Found a staircase to the Ecumenical Temple.
  4107 | D:5      | Reached skill level 10 in Unarmed Combat
  4107 | D:5      | Reached XP level 8. HP: 57/64 MP: 7/7
  4492 | D:5      | Noticed Menkaure
  4498 | D:5      | Killed Menkaure
  4498 | D:5      | Reached skill level 5 in Shields
  5460 | D:7      | Noticed a hippogriff
  5465 | D:7      | Killed a hippogriff
  5465 | D:7      | Reached skill level 5 in Fighting
  5465 | D:7      | Reached skill level 11 in Unarmed Combat
  5677 | D:7      | Found an iron altar of Okawaru.
  5683 | D:7      | Noticed Pikel
  5684 | D:7      | Noticed a hippogriff
  5690 | D:7      | Killed a hippogriff
  5690 | D:7      | Reached XP level 9. HP: 71/75 MP: 8/8
  5691 | D:7      | Killed Pikel
  5691 | D:7      | Reached *** piety under Cheibriados
  5691 | D:7      | Reached skill level 12 in Unarmed Combat
  5738 | D:7      | Found a shimmering altar of Xom.
  5947 | D:7      | Found a glowing silver altar of Zin.
  6116 | D:8      | Found an iron altar of Okawaru.
  6198 | D:8      | Noticed a two-headed ogre
  6202 | D:8      | Killed a two-headed ogre
  6202 | D:8      | Reached skill level 13 in Unarmed Combat
  6331 | D:8      | Reached XP level 10. HP: 88/88 MP: 9/9
  6358 | D:8      | Reached **** piety under Cheibriados
  6430 | D:8      | Noticed a two-headed ogre
  6438 | D:8      | Killed a two-headed ogre
  6782 | D:9      | Reached skill level 14 in Unarmed Combat
  6896 | D:9      | Found a runed translucent gate.
  6896 | D:9      | Found a runed translucent gate.
  6896 | D:9      | Found a runed translucent gate.
  6896 | D:9      | Noticed a green ugly thing
  6896 | D:9      | Noticed a purple ugly thing
  6897 | D:9      | Noticed a glowing orange brain
  6897 | D:9      | Noticed a brown ugly thing
  6897 | D:9      | Noticed a red ugly thing
  6992 | D:9      | Found a staircase to the Lair.
  7028 | D:9      | Found a staircase to the Orcish Mines.
  7314 | Lair:1   | Entered Level 1 of the Lair of Beasts
  7330 | Lair:1   | Noticed a spiny frog
  7336 | Lair:1   | Killed a spiny frog
  7338 | Lair:1   | Reached ***** piety under Cheibriados
  7340 | Lair:1   | Reached skill level 5 in Invocations
  7340 | Lair:1   | Slain by a porcupine

Levels and vault maps discovered:
D:1:      lightli_molten_gateway, layout_loops_ring, minivault_24
D:2:      layout_basic, makhleb_grotto_becter, uniq_jessica
D:3:      layout_loops_corners, minmay_tree_intersection,
          nicolae_tso_carved_into_rock, uniq_sigmund, uniq_natasha, uniq_purgy,
          uniq_ijyb, uniq_terence
D:4:      layout_rooms, grunt_temple_overflow_diamond,
          gammafunk_temple_overflow_elements, first_ration
D:5:      layout_gridville, minmay_temple_entry_statues_pillars, uniq_menkaure
D:6:      layout_gridville
D:7:      layout_loops_ring, lemuel_crystal_altar, okawaru_metal_pillars_1_2,
          basic_altar, minmay_fountain_box, serial_bayou_pond_e, uniq_pikel
D:8:      layout_cave_pools, basic_altar, kennysheep_crisscross,
          blue_anna_alchemist [blue_anna_fruit_fields, blue_anna_fruit_fields]
D:9:      layout_roguey, dpeg_oklobed_lair, orc_0_dummy,
          ploomutoo_gammafunk_ghost_potion_laboratory
Lair:1:   layout_roguey, infiniplex_staircase_pool_2

Skill      XL: |  1  2  3  4  5  6  7  8  9 10 |
---------------+-------------------------------+-----
Unarmed Combat | 4 5 6 7 9 10 11 13 14 | 14.2
Shields        | 3 5 |  5.0
Fighting       | 5 8 |  8.1
Invocations    | 5 |  5.0
Dodging        | |  3.2
Stealth        | |  1.5

Action                   |  1- 3 |  4- 6 |  7- 9 | 10-12 || total
-------------------------+-------+-------+-------+-------++-------
Melee: Unarmed           |    95 |   112 |   229 |    69 ||   505
       Headbutt          |     9 |    18 |    60 |    28 ||   115
       Punch             |     1 |     3 |     1 |       ||     5
Throw: Dart              |     4 |     7 |       |       ||    11
Evoke: Wand              |       |       |     1 |       ||     1
 Stab: Sleeping          |     6 |     2 |     6 |     4 ||    18
       Distracted        |       |       |     2 |     2 ||     4
  Eat: Chunk             |       |     6 |     8 |     1 ||    15
Armor: Robe              |     7 |    11 |    48 |     8 ||    74
Dodge: Dodged            |    52 |    69 |   104 |    31 ||   256
Block: Buckler           |       |       |    28 |    17 ||    45
